 Dungeon Crawl Stone Soup version 0.30-b1-2-g02819fbbbe (webtiles) character file.

Game seed: 16346579014435173757

77 redmage the Digger (level 4, -1/33 HPs)
             Began as a Meteoran Earth Elementalist on Sept 22, 2023.
             Killed by divine providence
             ... invoked by an orc priest
              (12 damage)
             ... on level 3 of the Dungeon.
             The game lasted 00:06:10 (556 turns).

redmage the Digger (Meteoran Earth Elementalist)     Turns: 556, Time: 00:06:11

Health: -1/33      AC:  2    Str:  9    XL:     4   Next: 89%
Magic:  8/11       EV: 12    Int: 18    God:
Gold:   68         SH:  0    Dex: 15    Spells: 5/11 levels left

rFire   . . .        c - +0 short sword (freeze)
rCold   . . .        (no shield)
rNeg    . . .        a - +0 robe
rPois   .            (no helmet)
rElec   .            (no cloak)
rCorr   .            (no gloves)
SInv    .            (no boots)
Will    .....        (no amulet)
Stlth   +            (no ring)
HPRegen 0.25/turn    (no ring)
MPRegen 0.12/turn

%: no passive effects
@: glowing
A: sense surroundings 1, otherworldly, glowing, explore regen
a: no special abilities


You were on level 3 of the Dungeon.
You visited 1 branch of the dungeon, and saw 5 of its levels.

You collected 68 gold pieces.

Inventory:

Hand Weapons
 c - a +0 short sword of freezing (weapon)
Armour
 a - a +0 robe (worn)
Scrolls
 f - a scroll of teleportation {unknown}
Potions
 b - 2 potions of magic
 d - a potion of curing {unknown}
 e - a potion of ambrosia
 g - 2 potions of attraction {unknown}


   Skills:
 - Level 2.4 Dodging
 - Level 1.4 Stealth
 + Level 4.2 Spellcasting
 + Level 1.2 Conjurations
 - Level 1.2 Transmutations
 + Level 4.8 Earth Magic


You had 5 spell levels left.
You knew the following spells:

 Your Spells              Type           Power      Damage    Failure   Level
a - Sandblast             Erth           42%        2d11      1%          1
b - Passwall              Tmut/Erth      11%        N/A       6%          2
c - Stone Arrow           Conj/Erth      28%        3d8       12%         3

Your spell library contained the following spells:

 Spells                   Type           Power      Damage    Failure   Level
 Scorch                   Fire           6%         2d5       22%         2
 Petrify                  Tmut/Erth      14%        N/A       38%         4
 Flame Wave               Conj/Fire      5%         2d5       75%         4
 Summon Cactus Giant      Summ           1%         N/A       100%        6


Dungeon Overview and Level Annotations

Branches:
Dungeon (5/15) Zot: 2420
 Temple: D:4-7

Altars:
Dithmenos


Innate Abilities, Weirdness & Mutations

You passively map a small area around you.
You are easily found by Zot.
You glow in the dark.
You regain HP and MP as you explore.


Message History

The sling bullet hits you but does no damage.
The goblin shoots a sling bullet.
The sling bullet hits you.
* * * LOW HITPOINT WARNING * * *
Casting: Sandblast (safe; 1% risk of failure)
Confirm with . or Enter, or press ? or * to list all spells.
Aiming: Sandblast (safe; 1% risk of failure)
Press: ? - help, Shift-Dir - straight line, f - hobgoblin
Aim: a hobgoblin, wielding a +0 sling (83% to hit)
The blast of sand hits the hobgoblin!
You kill the hobgoblin!
Unknown command.
Casting: Sandblast (safe; 1% risk of failure)
Confirm with . or Enter, or press ? or * to list all spells.
Aiming: Sandblast (safe; 1% risk of failure)
Press: ? - help, Shift-Dir - straight line, f - goblin
Aim: a goblin, wielding a +0 sling (79% to hit)
The blast of sand hits the goblin!
You kill the goblin!
Unknown command.
Casting: Sandblast (safe; 1% risk of failure)
Confirm with . or Enter, or press ? or * to list all spells.
Aiming: Sandblast (safe; 1% risk of failure)
Press: ? - help, Shift-Dir - straight line, f - goblin
Aim: a goblin, wielding a +0 sling (79% to hit)
The blast of sand hits the goblin!
You kill the goblin!
The goblin shoots a sling bullet.
The sling bullet hits you.
Unknown command.
Casting: Sandblast (safe; 1% risk of failure)
Confirm with . or Enter, or press ? or * to list all spells.
Aiming: Sandblast (safe; 1% risk of failure)
Press: ? - help, Shift-Dir - straight line, f - goblin
Aim: a goblin, wielding a +0 sling (79% to hit)
The blast of sand hits the goblin!
You kill the goblin!
An orc priest comes into view. It is wielding a +0 whip.
Unknown command.
The orc priest mumbles some strange prayers to Beogh against you.
Beogh smites you!
You die...

* * # * #.###########.#
#.............# #######
####.)@........,.......
#)#######o.# #.
#.####.....# ######. *
#.......!...........
#g#.>......#.######. *
* #g..##.##.## , #. *
#g..# #* #. ,, , ......
, ,, ... ,........ , ,
,.....


You could see an orc priest.

Vanquished Creatures
  Natasha (D:3)
  2 adders
  A worm (D:2)
  A dart slug (D:4)
  An orc (D:4)
  An endoplasm (D:2)
  A giant cockroach (D:3)
  6 goblins
  2 hobgoblins
  4 jackals (D:3)
  2 kobolds (D:4)
  A quokka (D:5)
  2 ball pythons (D:4)
25 creatures vanquished.

Vanquished Creatures (others)
  4 toadstools (D:1)
4 creatures vanquished.

Grand Total: 29 creatures vanquished

Notes
Turn   | Place    | Note
-------+----------+-------------------------------------------
     0 | D:1      | redmage the Meteoran Earth Elementalist began the quest for
                  | the Orb.
     0 | D:1      | Reached XP level 1. HP: 14/14 MP: 5/5
    55 | D:2      | Reached XP level 2. HP: 20/20 MP: 2/7
   119 | D:3      | Found a shadowy altar of Dithmenos.
   136 | D:3      | Learned a level 2 spell: Passwall
   138 | D:3      | Reached XP level 3. HP: 24/26 MP: 2/8
   311 | D:4      | Reached XP level 4. HP: 27/33 MP: 7/10
   357 | D:4      | Learned a level 3 spell: Stone Arrow
   386 | D:4      | Noticed an ogre
   487 | D:5      | Entered Level 5 of the Dungeon
   539 | D:3      | Noticed Natasha
   541 | D:3      | Killed Natasha
   542 | D:3      | Reached skill level 1 in Conjurations
   556 | D:3      | Killed from afar by an orc priest

Illustrated notes

Levels and vault maps discovered:
D:1:      ldierk_walled_garden_2, layout_basic
D:2:      layout_basic, minmay_indecisive_spiral
D:3:      minmay_goblin_kobold_castle, layout_loops_ring,
          nicolae_dithmenos_the_darkroom, uniq_natasha
D:4:      layout_gridville
D:5:      layout_gridville, grunt_temple_overflow_open,
          minmay_temple_entry_offerings, nicolae_ossuary_entry_catacombs,
          small_statue_intersection

Skill      XL: |  1  2  3  4 |
---------------+-------------+-----
Spellcasting   | 3 4 |  4.2
Earth Magic    | 4 |  4.8
Conjurations   | 1 |  1.2
Dodging        | |  2.4
Stealth        | |  1.4
Transmutations | |  1.2

Action                     |  1- 3 |  4- 6 || total
---------------------------+-------+-------++-------
   Cast: Sandblast         |    31 |    11 ||    42
         Passwall          |     2 |     8 ||    10
    Use: Scroll            |     2 |       ||     2
 Armour: Robe              |     9 |     2 ||    11
  Dodge: Dodged            |    24 |     7 ||    31
